 Dungeon Crawl Stone Soup version 0.20-a0-493-g19c8d8d (webtiles) character file.

947 tsouns the Covert (level 7, 0/37 HPs)
             Began as a Spriggan Assassin on Jan 16, 2017.
             Slain by a wight
             ... wielding a cursed +3 long sword
              (12 damage)
             ... on level 6 of the Dungeon.
             The game lasted 00:14:28 (5436 turns).

tsouns the Covert (Spriggan Assassin)               Turns: 5436, Time: 00:14:29

Health: 0/37       AC:  4    Str:  9    XL:     7   Next: 89%
Magic:  8/8        EV: 16    Int: 12    God:
Gold:   291        SH:  0    Dex: 18    Spells: 6/6 levels left

rFire    . . .     SeeInvis +   a - +3 dagger
rCold    . . .     Gourm    .   c - +0 robe
rNeg     + . .     Faith    .   (shield restricted)
rPois    .         Spirit   .   (helmet restricted)
rElec    .         Reflect  .   d - +1 cloak
rCorr    .         Harm     .   (gloves unavailable)
MR       +....                  (boots unavailable)
Stlth    ++++......             B - amulet of magic regeneration
Regen    0.2/turn               k - ring of positive energy
                                (no ring)

@: drained, very quick
A: unfitting armour, see invisible, herbivore 3, speed 3, slow metabolism 2
a: no special abilities


You were on level 6 of the Dungeon.
You were not hungry.

You visited 1 branch of the dungeon, and saw 6 of its levels.

You collected 291 gold pieces.

Inventory:

Hand Weapons
 a - a +3 dagger (weapon)
 b - a +0 blowgun
 r - a +2 vampiric short sword
 y - a +1 dagger of venom
Missiles
 e - 28 poisoned needles
 j - 151 stones (quivered)
 m - a curare-tipped needle
 p - a throwing net
Armour
 c - a +0 robe (worn)
 d - a +1 cloak (worn)
Jewellery
 h - an uncursed ring of magical power
 k - a ring of positive energy (right hand)
 B - an amulet of magic regeneration (around neck)
Wands
 f - a wand of polymorph (0/24)
 x - a wand of lightning (0/15)
Scrolls
 l - a scroll of remove curse
 n - a scroll of teleportation
 o - a scroll of recharging
 u - 2 scrolls of amnesia
Potions
 g - a potion of magic
 i - a potion of lignification
 q - a potion of flight
 s - 2 potions of agility {unknown}
 t - 2 potions of beneficial mutation {unknown}
 z - a potion of curing {unknown}
 A - a potion of brilliance {unknown}
Comestibles
 v - 2 bread rations
 w - 5 fruits


   Skills:
 + Level 3.9(3.2) Fighting
 * Level 6.9(6.1) Short Blades
 - Level 3.6(2.9) Throwing
 - Level 1.5(0.8) Dodging
 + Level 8.7(7.9) Stealth


You had 6 spell levels left.
You didn't know any spells.

Dungeon Overview and Level Annotations

Branches:
Dungeon (6/15)
 Temple: D:4-7

Altars:
Kikubaaqudgha
Qazlal

Annotations:
D:5 Dowan


Innate Abilities, Weirdness & Mutations

You are very small and have problems with some larger weapons.
You are too small for most types of armour.
You have supernaturally acute eyesight. (SInv)
You are a herbivore.
You cover ground extremely quickly.
You need consume almost no food.


Message History

The wight is almost destroyed.
The wight hits you with an enchanted long sword.
* * * LOW HITPOINT WARNING * * *
You partially resist.
You feel drained.
Throwing (i - inventory. (,) - cycle):
j - 153 stones (quivered)
Press: ? - help, Shift-Dir - straight line, f/p - wight
Aim: a wight, wielding an enchanted long sword and wearing a robe (almost destroyed)
You throw a stone. The stone closely misses the wight.
Unknown command.
Throwing (i - inventory. (,) - cycle):
j - 152 stones (quivered)
Press: ? - help, Shift-Dir - straight line, f/p - wight
Aim: a wight, wielding an enchanted long sword and wearing a robe (almost destroyed)
You throw a stone.
The stone hits the wight but does no damage.
The wight is almost destroyed.
Unknown command.
You hit the wight but do no damage.
The wight is almost destroyed.
The wight hits you with an enchanted long sword!
You die...

#####
#..(########
#..........#
#...####...#
#..(#.z'...#
###z#.##...#
#@#.######
#####.#.#
#.....#.#
####.#####.#
#<.......#.#
####...#.#.#
#...#.#.########
##....#.).......
######..#......


You could see a wight.

Vanquished Creatures
  Sigmund (D:2)
  A steam dragon (D:3)
  Duvessa (D:5)
  2 ogres
  A wight (D:6)
  A quasit (D:4)
  2 orc priests (D:4)
  A bullfrog skeleton (D:4)
  3 orc wizards
  A worker ant (D:4)
  A hound skeleton (D:5)
  5 adders
  4 worms
  3 leopard geckos
  10 orcs
  2 giant cockroaches
  2 goblins (D:3)
  4 hobgoblins
  4 jackals (D:1)
  4 quokkas
  2 ball pythons
  7 bats
  3 frilled lizards
  5 kobolds
  2 rats (D:3)
72 creatures vanquished.

Notes
Turn   | Place    | Note
-------+----------+-------------------------------------------
     0 | D:1      | tsouns the Spriggan Assassin began the quest for the Orb.
     0 | D:1      | Reached XP level 1. HP: 10/10 MP: 2/2
   506 | D:1      | Reached XP level 2. HP: 10/14 MP: 3/3
  1094 | D:2      | Noticed Sigmund
  1158 | D:2      | Killed Sigmund
  1158 | D:2      | Reached skill level 6 in Stealth
  1158 | D:2      | Reached XP level 3. HP: 9/18 MP: 4/4
  1158 | D:2      | Reached XP level 4. HP: 11/23 MP: 5/5
  1158 | D:2      | Reached XP level 5. HP: 13/26 MP: 6/6
  2364 | D:3      | Reached skill level 7 in Stealth
  2412 | D:3      | Noticed an ogre
  2448 | D:3      | Killed an ogre
  2448 | D:3      | Reached skill level 5 in Short Blades
  2448 | D:3      | Reached XP level 6. HP: 25/32 MP: 7/7
  2846 | D:3      | Noticed a steam dragon
  2846 | D:3      | an orc priest changed into a steam dragon
  2857 | D:3      | Killed a steam dragon
  3121 | D:4      | Noticed Grinder
  3252 | D:4      | Reached XP level 7. HP: 12/36 MP: 8/8
  3572 | D:4      | Reached skill level 8 in Stealth
  3912 | D:5      | Entered Level 5 of the Dungeon
  3944 | D:5      | Noticed Duvessa
  3946 | D:5      | Noticed Dowan
  3977 | D:4      | Noticed Grinder
  3977 | D:4      | Grinder changed into Grinder the quasit
  3989 | D:4      | Killed Grinder the quasit
  4345 | D:4      | Found an ancient bone altar of Kikubaaqudgha.
  5053 | D:5      | Killed Duvessa
  5376 | D:6      | Found a stormy altar of Qazlal.
  5436 | D:6      | Slain by a wight

Vault maps used:
D:1:      kennysheep_arrival_forest
D:2:      minmay_misc_feat_encased, kennysheep_generic_room_11, uniq_sigmund
D:3:      first_bread
D:4:      kiku_gazebo_pond_becter, serial_bayou_lake_a, uniq_grinder
D:5:      uniq_duvessa
D:6:      overflow_temple_1_default, gup_sewer_entry_glass

Skill      XL: |  1  2  3  4  5  6  7 |
---------------+----------------------+-----
Short Blades   | 3 4 5 6 |  6.9
Fighting       | 2 3 |  3.9
Stealth        | 6 7 8 |  8.7
Throwing       | 3 |  3.6
Dodging        | |  1.5

Action                   |  1- 3 |  4- 6 |  7- 9 || total
-------------------------+-------+-------+-------++-------
Melee: Dagger            |    49 |    72 |   144 ||   265
       Short sword       |       |    43 |       ||    43
 Fire: Blowgun           |    16 |    10 |     9 ||    35
Throw: Stone             |     1 |     6 |     2 ||     9
Evoke: Wand              |       |     6 |     6 ||    12
  Use: Scroll            |     5 |     4 |     6 ||    15
       Potion            |       |     2 |       ||     2
 Stab: Sleeping          |     5 |    11 |     5 ||    21
  Eat: Bread ration      |       |     1 |       ||     1
       Fruit             |       |       |     1 ||     1
Armor: Robe              |     1 |     8 |     8 ||    17
Dodge: Dodged            |    34 |    46 |    79 ||   159
